Map: Orbital Shipyard

Players

capac - Winner!

  • Race: Terran Terran
  • League: Gold

A.I. 1 (Elite)

  • Race: Terran Terran

VOD

Have the link to the VOD?

Description

Time

  • Played on: March 15, 2016, 1:44 p.m.
  • Length: 14:20
Show
View Real Time Build Order
Export as new Build Order

capac Terran - Winner!

Build Orders: MMM Bio 

Get SALT Encoding   

  12  0:01  SCV  
  13  0:13  SCV  
  14  0:18  Supply Depot  
  14  0:25  SCV  
  15  0:40  SCV  
  15  0:41  Barracks  
  16  0:44  Refinery  
  16  0:52  SCV  
  18  1:04  SCV  
  18  1:16  SCV  
  19  1:28  SCV  
  19  1:30  Reaper  
  21  1:36  Command Center  
  21  1:40  SCV  
  22  1:53  Supply Depot  
  22  1:56  Orbital Command  
  22  2:04  Barracks Reactor  
  22  2:17  Refinery, Barracks  
  22  2:23  SCV  
  23  2:39  Factory, SCV  
  23  2:42  Marine x2  
  26  2:54  SCV  
  26  2:55  SCV  
  28  3:00  Marine x2  
  30  3:07  SCV  
  30  3:10  Orbital Command  
  30  3:12  Barracks Tech Lab  
  31  3:18  Marine  
  32  3:25  Starport  
  32  3:26  Factory Tech Lab  
  32  3:37  Marine  
  32  3:38  Marine x2  
  35  3:41  Stimpack  
  35  3:42  SCV  
  35  3:43  SCV  
  36  3:49  Siege Tank  
  39  3:59  Marine  
  39  4:00  Marine  
  39  4:01  Marauder  
  43  4:04  Bunker  
  43  4:08  Supply Depot  
  43  4:15  Medivac  
  45  4:22  Barracks  
  45  4:31  Marine x2  
  45  4:32  Marine  
  48  4:38  SCV  
  48  4:39  SCV  
  48  4:45  Siege Tank  
  53  4:46  Barracks  
  53  4:58  Refinery x2, SCV  
  54  5:07  SCV, Medivac  
  54  5:08  Supply Depot  
  54  5:10  Marine x3  
  60  5:18  Barracks Reactor  
  60  5:20  Supply Depot, SCV x2  
  62  5:31  Supply Depot  
  62  5:32  SCV x2  
  62  5:34  Marine  
  62  5:35  Marine  
  66  5:44  SCV  
  66  5:47  Marine  
  68  5:53  Starport Reactor  
  68  5:59  Marine x2  
  68  6:03  Barracks Reactor  
  70  6:05  Marine  
  71  6:11  Command Center  
  71  6:14  Siege Tank  
  74  6:20  Marine x2  
  74  6:22  Marine  
  74  6:23  Marine x2  
  74  6:25  SCV  
  80  6:37  Medivac x2  
  74  7:12  Marine x3  
  74  7:13  Marine x3  
  74  7:14  Medivac  
  74  7:15  Medivac  
  84  7:17  Supply Depot  
  84  7:21  SCV x2  
  86  7:23  Siege Tank  
  89  7:34  SCV  
  89  7:35  SCV  
  91  7:40  Supply Depot  
  91  7:43  Marine x7  
  98  7:44  Orbital Command  
  98  7:46  SCV  
  98  7:47  Medivac x2  
  103  8:00  Marine  
  103  8:01  Marine x6  
  103  8:05  Siege Tank  
  113  8:10  SCV x2  
  113  8:11  SCV  
  116  8:15  Supply Depot  
  116  8:18  Marine  
  117  8:26  Supply Depot  
  117  8:37  Marine x7, SCV  
  125  8:42  Supply Depot  
  125  8:47  Siege Tank, SCV x2  
  130  8:52  SCV  
  130  8:55  Marine x7  
  138  8:59  Supply Depot, SCV x2  
  140  9:04  SCV, Medivac x2  
  145  9:11  SCV x2  
  145  9:12  Marine x2  
  149  9:17  Combat Shields  
  149  9:18  Engineering Bay x2  
  149  9:20  Marine x4, SCV  
  149  9:21  Supply Depot  
  154  9:24  Supply Depot  
  154  9:25  Liberator x2, SCV x2  
  154  9:27  Marine  
  157  9:40  Refinery  
  157  9:42  Marine x2  
  165  9:45  Marine x4  
  165  9:46  Refinery  
  165  9:49  Supply Depot  
  169  9:52  Supply Depot  
  169  10:18  Marine  
  169  10:19  Marine x4  
  164  10:27  Siege Tank  
  145  10:47  Marine x6  
  128  11:58  Liberator x2  
  128  12:12  Marine  
  128  12:13  Marine x5  
  128  12:14  Siege Tank  
  143  13:06  Marine, Siege Tank  
  143  13:07  Marine x4  
Show
View Real Time Build Order
Export as new Build Order

A.I. 1 (Elite) Terran 

Build Orders: MMM Bio 

Get SALT Encoding   

  12  0:00  SCV  
  13  0:13  SCV  
  14  0:20  Supply Depot  
  14  0:25  SCV  
  15  0:41  SCV  
  16  0:45  Refinery  
  16  0:47  Barracks  
  16  0:53  SCV  
  17  1:02  Barracks  
  17  1:05  SCV  
  18  1:17  SCV  
  19  1:35  Orbital Command  
  19  1:36  Marine  
  20  1:41  Barracks  
  20  1:49  Marine  
  21  1:54  Marine  
  21  1:57  Supply Depot  
  21  2:00  SCV  
  23  2:07  Barracks Tech Lab  
  23  2:13  Barracks Tech Lab  
  23  2:19  SCV  
  24  2:25  Marine  
  24  2:26  Stimpack  
  24  2:27  Marine  
  26  2:31  Concussive Shells, Marine  
  27  2:37  Supply Depot  
  27  2:43  Marine  
  28  2:45  Marine  
  28  2:47  SCV  
  28  2:49  Marine  
  31  3:01  Marauder  
  31  3:03  Marine  
  34  3:07  Marauder  
  34  3:11  Supply Depot  
  36  3:21  Marine, Combat Shields  
  36  3:22  Marine  
  36  3:23  SCV  
  39  3:29  Supply Depot  
  39  3:33  Marine  
  40  3:39  Marine  
  41  3:45  Refinery  
  41  3:53  SCV  
  42  4:01  Factory  
  42  4:05  SCV  
  43  4:18  SCV  
  44  4:26  Supply Depot  
  44  4:29  Marine x2  
  44  4:30  SCV  
  44  4:31  Marine  
  42  4:43  Engineering Bay  
  42  4:46  Marine  
  42  4:47  Marauder  
  42  4:50  Engineering Bay, Command Center  
  45  5:01  Starport  
  45  5:08  Marauder  
  45  5:09  Terran Infantry Weapons Level 1  
  45  5:14  Marauder  
  49  5:25  Terran Infantry Armor Level 1  
  49  5:29  Marine  
  49  5:30  Marauder  
  49  5:35  Marauder  
  54  5:48  Barracks Reactor  
  54  5:51  Marine  
  54  5:56  Marauder  
  57  5:59  Barracks  
  57  6:01  Supply Depot  
  57  6:02  SCV  
  58  6:04  SCV  
  58  6:09  Marauder  
  61  6:14  SCV  
  61  6:16  SCV  
  63  6:26  SCV  
  63  6:28  SCV  
  65  6:38  Marauder, Factory Tech Lab  
  65  6:39  SCV  
  68  6:41  SCV  
  68  6:47  Marine  
  69  6:51  SCV  
  69  6:52  Command Center  
  64  7:03  Siege Tank  
  59  7:17  Orbital Command  
  59  7:21  SCV  
  60  7:26  Marine  
  60  7:29  Marine  
  62  7:31  Marine  
  62  7:33  SCV  
  64  7:45  Marauder, SCV  
  64  7:47  Marauder, SCV  
  70  7:55  Siege Tank  
  70  7:57  SCV  
  74  7:59  SCV  
  74  8:04  SCV  
  76  8:10  SCV  
  76  8:11  SCV  
  78  8:16  SCV  
  79  8:22  SCV  
  80  8:27  Siege Tank  
  80  8:28  SCV  
  80  8:32  Armory  
  80  8:34  SCV  
  85  8:35  SCV  
  85  8:40  SCV  
  87  8:46  SCV  
  88  8:49  Supply Depot, SCV  
  88  8:52  SCV  
  90  8:56  Missile Turret  
  90  8:58  SCV  
  90  9:00  Siege Tank, Missile Turret  
  94  9:04  SCV  
  94  9:05  SCV  
  96  9:10  SCV  
  96  9:12  Missile Turret  
  96  9:15  Supply Depot  
  96  9:16  SCV  
  98  9:21  Terran Infantry Weapons Level 2  
  98  9:22  Starport Reactor, Missile Turret, SCV  
  98  9:23  SCV  
  100  9:27  Marine  
  100  9:28  Marine, SCV  
  103  9:34  SCV  
  103  9:35  SCV  
  103  9:36  Refinery  
  105  9:40  Supply Depot  
  105  9:41  SCV  
  105  9:42  Siege Tank  
  111  9:46  Marauder  
  111  9:47  Refinery, Marauder  
  113  9:53  Refinery, Orbital Command  
  113  9:58  SCV x2, Missile Turret, Medivac  
  117  10:01  Medivac  
  117  10:05  Supply Depot  
  119  10:08  Refinery  
  119  10:10  SCV  
  119  10:11  SCV  
  121  10:14  Siege Tank  
  124  10:22  SCV  
  124  10:27  SCV x2, Command Center  
  127  10:28  Viking  
  127  10:29  Supply Depot  
  127  10:34  SCV  
  132  10:40  SCV x2  
  132  10:42  Marine x3  
  126  10:43  Marine  
  126  10:46  Siege Tank, SCV  
  115  10:53  SCV x2  
  105  10:59  Marine, SCV  
  105  11:00  Marauder, Marine  
  105  11:02  Marine  
  88  11:05  SCV x2  
  88  11:11  SCV  
  75  11:17  Marine x2, SCV  
  75  11:18  SCV  
  79  11:20  Marine  
  79  11:21  Marine  
  79  11:23  SCV  
  73  11:35  Marine  
  73  11:36  Marauder  
  62  11:40  Marine  
  31  12:15  Factory  
  30  12:16  SCV x2  
  30  12:17  SCV  
  31  12:24  SCV  
  31  12:29  SCV  
  31  12:33  SCV  
  31  12:34  Barracks  
  31  12:36  SCV  
  25  12:45  SCV x2  
  21  12:52  SCV  
  21  12:57  SCV  
  17  13:06  SCV  
  17  13:09  SCV  
  17  13:18  SCV  
  18  13:21  SCV  
  18  13:30  SCV  
  11  13:50  Barracks  
  11  13:52  SCV  
  11  14:04  SCV  
  11  14:08  Command Center  
Tags
 
Composition
MMM BioMMM Bio
League
Gold
Matchup
TvT
Race
Terran
Add a new tag
Caveats
  • Supply blocks, unpowered buildings, or Contaminate may cause inaccurate times.
  • Supply counts are checked every 10 seconds.